AoeStats
← MonoKiller19892

Arena

509257757Analyzed
1v1 RM · 7d ago on Sep 26, 2026· 60m 52s· 2 players
Game mode
Random Map
Map size
Tiny (2 player)
Population
200
Speed
Normal
Resources
Standard
Victory
Conquest
Starting age
Dark Age
Ending age
Imperial Age
RankedLock teamsTeams togetherTeam positionsShared explorationLock speedFull tech treeHidden civsTurbo modeCheats
Victory
Defeat
🇦🇷 Vietnamese · Argentina
748
+14
🇪🇨 Spanish · Ecuador
702
-14
MonoKiller19892
13:28 Feudal Age
14:46 Wheelbarrow
14:03 Double-Bit Axe
14:02 Horse Collar
14:18 Gold Mining
17:29 Town Watch
18:52 Loom
19:37 Scale Mail Armor
23:16 Castle Age
22:06 Stone Mining
22:42 Forging
22:24 Fletching
23:09 Scale Barding Armor
23:33 Bloodlines
24:24 Heavy Plow
25:03 Bow Saw
25:31 Padded Archer Armor
25:11 Light Cavalry
26:45 Squires
26:06 Pikeman
29:54 Hand Cart
29:45 Husbandry
30:27 Bodkin Arrow
31:01 Ballistics
33:44 Murder Holes
34:00 Masonry
33:42 Guard Tower
35:40 Iron Casting
36:24 Fervor
38:47 Town Patrol
41:53 Imperial Age
41:01 Inquisition
41:58 Gambesons
42:50 Leather Archer Armor
43:11 Halberdier
43:35 Capped Ram
45:57 Chemistry
44:43 Arrowslits
44:47 Man-at-Arms
44:58 Elite Skirmisher
46:24 Thumb Ring
47:02 Ring Archer Armor
48:53 Two-Man Saw
47:56 Arson
47:35 Elite Conquistador
49:00 Long Swordsman
51:47 Supremacy
51:47 Conscription
51:54 Two-Handed Swordsman
53:21 Champion
56:05 Siege Ram
59:25 Bombard Tower
Ginobilli
9:08 Feudal Age
9:38 Double-Bit Axe
9:35 Horse Collar
10:32 Wheelbarrow
19:03 Castle Age
17:49 Gold Mining
17:58 Fletching
18:28 Forging
19:48 Heavy Plow
20:06 Bow Saw
20:17 Hand Cart
21:27 Crossbowman
24:31 Stone Mining
25:01 Bodkin Arrow
25:07 Padded Archer Armor
24:37 Man-at-Arms
26:56 Ballistics
28:24 Pikeman
29:16 Scale Mail Armor
30:16 Thumb Ring
30:28 Leather Archer Armor
31:32 Squires
30:55 Elite Skirmisher
31:56 Long Swordsman
33:19 Iron Casting
32:59 Chain Mail Armor
36:41 Imperial Age
37:41 Arbalester
37:59 Halberdier
42:33 Paper Money
45:39 Capped Ram
46:37 Two-Handed Swordsman
46:44 Imperial Skirmisher
51:50 Champion
53:07 Bracer
53:46 Ring Archer Armor
55:39 Plate Mail Armor
56:24 Chemistry
55:31 Siege Engineers
Connection lost

Rejoining the realm…

Still unreachable

The connection could not be restored.

Session expired

The server has moved on; the page needs a fresh start.